 Dungeon Crawl Stone Soup version 0.30.0-29-ga12c61a403 (webtiles) character file.

Game seed: 9522133937487231776

341 Fecro the Covert (level 6, -9/30 HPs)
             Began as a Spriggan Brigand on June 13, 2023.
             Mangled by a gnoll
             ... wielding a +2 halberd of flaming
              (15 damage)
             ... on level 5 of the Dungeon.
             The game lasted 00:16:31 (4963 turns).

Fecro the Covert (Spriggan Brigand)                 Turns: 4963, Time: 00:16:31

Health: -9/30      AC:  3    Str:  7    XL:     6   Next: 30%
Magic:  10/10      EV: 18    Int: 12    God:
Gold:   212        SH:  0    Dex: 21    Spells: 10/10 levels left

rFire   . . .        y - +9 falchion of Atull {holy, Dex+2}
rCold   . . .        (no shield)
rNeg    . . .        b - +0 robe
rPois   .            (helmet restricted)
rElec   .            c - +0 cloak
rCorr   .            (gloves unavailable)
SInv    +            (boots unavailable)
Will    +....        (no amulet)
Stlth   ++++         (no ring)
HPRegen 0.25/turn    (no ring)
MPRegen 0.12/turn

%: no passive effects
@: very quick
A: very small, no large weapons, unfitting armour, see invisible, speed 3
a: no special abilities


You were on level 5 of the Dungeon.
You visited 1 branch of the dungeon, and saw 5 of its levels.
You also visited: Sewer.

You collected 212 gold pieces.

Inventory:

Hand Weapons
 g - a +0 vampiric short sword
 y - the +9 falchion of Atull (weapon) {holy, Dex+2}
   (You found it on level 3 of the Dungeon)

   Dex:       It affects your dexterity (+2).
Missiles
 d - 8 poisoned darts (quivered)
 e - 2 curare-tipped darts
 o - 7 boomerangs
Armour
 b - a +0 robe (worn)
 c - a +0 cloak (worn)
Jewellery
 q - a ring of resist corrosion
 s - an amulet of reflection
Scrolls
 a - 2 scrolls of amnesia {unknown}
 f - 5 scrolls of identify {unknown}
 h - 3 scrolls of enchant weapon {unknown}
 i - 2 scrolls of noise {unknown}
 l - a scroll of summoning {unknown}
 m - a scroll of vulnerability {unknown}
 n - a scroll of enchant armour {unknown}
 p - a scroll of teleportation {unknown}
 x - a scroll of magic mapping {unknown}
 A - a scroll of brand weapon {unknown}
Potions
 j - 3 potions of brilliance {unknown}
 k - 2 potions of lignification {unknown}
 r - 2 potions of resistance {unknown}
 t - a potion of cancellation {unknown}
 u - 2 potions of curing {unknown}
 v - a potion of invisibility {unknown}
 w - a potion of heal wounds {unknown}
 z - a potion of degeneration {unknown}


   Skills:
 + Level 1.8 Fighting
 + Level 3.4 Short Blades
 + Level 0.1(1.4) Long Blades
 + Level 3.1 Throwing
 + Level 2.4 Dodging
 + Level 9.0 Stealth
 * Level 2.6 Spellcasting


You had 10 spell levels left.
You didn't know any spells.
Your spell library contained the following spells:

 Spells                   Type           Power      Damage    Failure   Level
 Slow                     Hex            4%         N/A       26%         1
 Confusing Touch          Hex            1%         N/A       61%         3
 Vampiric Draining        Necr           1%         2d6       61%         3


Dungeon Overview and Level Annotations

Branches:
Dungeon (5/15)              Sewer (visited)
 Temple: D:4-7

Altars:
Kikubaaqudgha
Okawaru
Uskayaw
Xom


Innate Abilities, Weirdness & Mutations

You are very small and have problems with some larger weapons.
You are too small for most types of armour.
You have supernaturally acute eyesight. (SInv)
You cover ground extremely quickly. (Speed+++)


Message History

The helpless adder fails to defend itself.
You slash the adder!
The adder is severely wounded.
The adder closely misses you. The adder misses you.
An adder is nearby!
You hit the adder.
You kill the adder!
You see here an adder corpse.
A hobgoblin comes into view.
The helpless hobgoblin fails to defend itself.
You slash the hobgoblin!
You kill the hobgoblin!
You open the door.
There is an open door here.
You open the door.
There is an open door here.
You open the door.
Done exploring.
Done exploring.
There is a stone staircase leading down here.
You climb downwards.
There is a stone staircase leading up here.
Done exploring.
Done exploring.
There is a stone staircase leading down here.
You climb downwards.
Found a stone staircase leading down.
There is a stone staircase leading up here.
The helpless gnoll fails to defend itself.
You hit the gnoll.
The gnoll is moderately wounded.
The gnoll hits you with a +2 halberd of flaming!
Ouch! That really hurt!
The gnoll burns you!
* * * LOW HITPOINT WARNING * * *
The gnoll closely misses you. x2
The gnoll shouts!
The gnoll hits you with a +2 halberd of flaming!
Ouch! That really hurt!
You die...

. .. ...
..>. .....
......###
...w..g@#
......g.g.#
.......g..#
....######.#
### ##


You could see 4 gnolls and a dart slug.

Vanquished Creatures
  Pargi (Sewer)
  An orc wizard (D:4)
  4 gnolls (D:2)
  6 adders
  2 ufetubi
  4 dart slugs
  5 orcs (D:4)
  6 bats
  8 endoplasms
  8 giant cockroaches
  6 goblins
  5 hobgoblins
  9 jackals
  3 kobolds (D:2)
  7 quokkas
  7 ball pythons
  9 frilled lizards
  5 rats
96 creatures vanquished.

Notes
Turn   | Place    | Note
-------+----------+-------------------------------------------
     0 | D:1      | Fecro the Spriggan Brigand began the quest for the Orb.
     0 | D:1      | Reached XP level 1. HP: 10/10 MP: 2/2
   117 | D:1      | Reached skill level 6 in Stealth
   229 | D:1      | Reached XP level 2. HP: 14/14 MP: 3/3
   738 | D:1      | Found a large runed translucent door.
   738 | D:1      | Found a large runed translucent door.
   774 | D:1      | Reached skill level 7 in Stealth
   774 | D:1      | Reached XP level 3. HP: 18/18 MP: 5/5
   802 | D:1      | Reached skill level 1 in Spellcasting
  1001 | D:2      | You fall into a shaft and drop 2 floors!
  1121 | D:4      | Found an ancient bone altar of Kikubaaqudgha.
  1275 | D:4      | Found a shimmering altar of Xom.
  1275 | D:4      | Found a hide-covered altar of Uskayaw.
  1382 | D:4      | Found a glowing drain.
  1390 | Sewer    | Entered a sewer
  1443 | Sewer    | Noticed Pargi
  1619 | Sewer    | Killed Pargi
  1620 | Sewer    | Reached skill level 8 in Stealth
  1620 | Sewer    | Reached XP level 4. HP: 23/23 MP: 5/8
  1620 | Sewer    | Reached XP level 5. HP: 26/26 MP: 5/9
  2563 | D:5      | Entered Level 5 of the Dungeon
  2689 | D:2      | Found a shimmering altar of Xom.
  3101 | D:2      | Found a faded altar of an unknown god.
  3376 | D:2      | Reached XP level 6. HP: 16/30 MP: 10/10
  4401 | D:3      | Found an iron altar of Okawaru.
  4407 | D:3      | Identified the +9 falchion of Atull {holy, Dex+2}
  4413 | D:3      | Identified the +6 spear of Duty {venom, Fly rF- Str+4}
  4647 | D:3      | Reached skill level 9 in Stealth
  4963 | D:5      | Mangled by a gnoll

Illustrated notes

Levels and vault maps discovered:
D:1:      erik_arrival_cave_to_civilisation [erik_arrival_cave_to_temple],
          layout_basic, dk_noncrumbling_4
D:2:      layout_basic, basic_altar,
          dreamdust_ecumenical_altar_angels_and_demons
D:3:      layout_basic, okawaru_ov_weapons_minmay, serial_park_tiny_pond
D:4:      layout_basic, nicolae_kikubaaqudgha_miasma_corner,
          gammafunk_temple_overflow_elements, gup_sewer_entry_pipe,
          corexii_leaking_fountain
D:5:      layout_layer_cave

Skill      XL: |  1  2  3  4  5  6 |
---------------+-------------------+-----
Stealth        | 6 7 8 9 |  9.0
Spellcasting   | 2 |  2.6
Short Blades   | 3 |  3.4
Dodging        | 2 |  2.4
Throwing       | 3 |  3.1
Fighting       | |  1.8
Long Blades    | |  0.1

Action                     |  1- 3 |  4- 6 || total
---------------------------+-------+-------++-------
  Melee: Dagger            |    28 |       ||    28
         Short sword       |   136 |   121 ||   257
         Punch             |     2 |     1 ||     3
         Falchion          |       |    15 ||    15
  Throw: Dart              |    20 |    29 ||    49
         Boomerang         |       |     3 ||     3
   Stab: Sleeping          |     7 |    22 ||    29
         Distracted        |       |     2 ||     2
 Armour: Robe              |    14 |    24 ||    38
  Dodge: Dodged            |   127 |    87 ||   214
